 Dungeon Crawl Stone Soup version 0.30.1-3-gfc49f6343a (webtiles) character file.

Game seed: 13644818525268439527

1381 Descartes the Geomancer (level 8, -4/52 HPs)
             Began as a Formicid Earth Elementalist on July 18, 2023.
             Slain by a yak (5 damage)
             ... on level 4 of the Dungeon.
             The game lasted 00:09:06 (4216 turns).

Descartes the Geomancer (FoEE)                      Turns: 4216, Time: 00:09:07

Health: -4/52      AC:  3    Str: 13 (15) XL:     8   Next: 99%
Magic:  16/16      EV: 18    Int: 12 (15) God:
Gold:   252        SH:  0    Dex: 12 (14) Spells: 17/18 levels left

rFire   . . .        (no weapon)
rCold   . . .        (no shield)
rNeg    . . .        a - +0 robe
rPois   .            (helmet unavailable)
rElec   .            (no cloak)
rCorr   .            (no gloves)
SInv    +            s - +0 pair of boots
Will    +....        t - amulet of magic regeneration
Stlth   ++           i - +5 ring of evasion
HPRegen 0.28/turn    y - ring of willpower
MPRegen 0.55/turn

%: no passive effects
@: no status effects
A: permanent stasis, dig shafts and tunnels, antennae 3, four strong arms
a: Dig, Shaft Self


You were on level 4 of the Dungeon.
You visited 1 branch of the dungeon, and saw 5 of its levels.

You collected 252 gold pieces.

Inventory:

Missiles
 q - 10 poisoned darts
Armour
 a - a +0 robe (worn)
 s - a +0 pair of boots (worn)
 x - the +3 leather armour of Parlour Games {Harm Dex-2 Stlth+}
   (You found it on level 4 of the Dungeon)

   Dex:       It affects your dexterity (-2).
   Harm:      It increases damage dealt and taken.
   Stlth:     It makes you more stealthy.
Jewellery
 i - a +5 ring of evasion (left hand)
 m - a ring of flight
 t - an amulet of magic regeneration (around neck)
 w - a ring of ice
 y - a ring of willpower (right hand)
Scrolls
 e - 3 scrolls of teleportation {unknown}
 f - 3 scrolls of fog {unknown}
 l - 6 scrolls of identify {unknown}
 n - a scroll of enchant weapon {unknown}
 o - 4 scrolls of amnesia {unknown}
 p - 2 scrolls of blinking {unknown}
 v - a scroll of immolation {unknown}
 B - a scroll of vulnerability {unknown}
Potions
 b - a potion of magic
 c - a potion of heal wounds {unknown}
 d - 2 potions of curing {unknown}
 g - a potion of degeneration
 h - a potion of berserk rage {unknown}
 j - 2 potions of haste {unknown}
 k - 2 potions of flight {unknown}
 r - a potion of mutation {unknown}
 u - a potion of attraction {unknown}
 z - a potion of cancellation {unknown}
 A - a potion of invisibility {unknown}


   Skills:
 - Level 5.0 Dodging
 - Level 2.4 Stealth
 + Level 5.5 Spellcasting
 - Level 1.1 Transmutations
 * Level 9.5 Earth Magic


You had 17 spell levels left.
You knew the following spells:

 Your Spells              Type           Power      Damage    Failure   Level
a - Sandblast             Erth           52%        2d12      1%          1

Your spell library contained the following spells:

 Spells                   Type           Power      Damage    Failure   Level
 Passwall                 Tmut/Erth      13%        N/A       3%          2
 Stone Arrow              Conj/Erth      28%        3d8       8%          3
 Summon Small Mammal      Summ           12%        N/A       19%         1
 Petrify                  Tmut/Erth      16%        N/A       22%         4
 Call Canine Familiar     Summ           3%         N/A       50%         3
 Summon Guardian Golem    Hex/Summ       3%         N/A       50%         3


Dungeon Overview and Level Annotations

Branches:
Dungeon (5/15)
 Temple: D:4-7

Altars:
Ashenzari
Elyvilon
Nemelex Xobeh
Uskayaw

Shops:
D:2 :[   D:3 [   D:5 *


Innate Abilities, Weirdness & Mutations

You cannot be hasted, slowed, berserked, paralysed or teleported.
You can dig through walls and to a lower floor.
You have a pair of large antennae on your head. (SInv)
Your four strong arms can wield two-handed weapons with a shield.


Message History

Done exploring.
Things that are here:
a yak corpse; a yak corpse
There is a stone staircase leading down, spattered with blood here.
You climb downwards.
The yak gores you! x2; The yak completely misses you.
The yak gores you!
There is a stone staircase leading up, spattered with blood here.
The yak completely misses you. The yak barely misses you.
You climb upwards.
There is a stone staircase leading down, spattered with blood here.
The yak closely misses you. The yak attacks as you move away!
The yak closely misses you. The yak attacks as you move away!
The yak misses you. The yak barely misses you.
The yak attacks as you move away! The yak gores you!
* * * LOW HITPOINT WARNING * * *
The yak attacks as you move away! The yak gores you.
* * * LOW HITPOINT WARNING * * *
There is a stone staircase leading up here.
Casting: Sandblast (safe; 1% risk of failure)
Confirm with . or Enter, or press ? or * to list all spells.
Aiming: Sandblast (safe; 1% risk of failure)
Press: ? - help, Shift-Dir - straight line, f - yak
Aim: a yak (90% to hit)
The blast of sand misses the yak.
The yak barely misses you.
Casting: Sandblast (safe; 1% risk of failure)
Confirm with . or Enter, or press ? or * to list all spells.
Aiming: Sandblast (safe; 1% risk of failure)
Press: ? - help, Shift-Dir - straight line, f/p - yak
Aim: a yak (90% to hit)
The blast of sand hits the yak!
The yak is moderately wounded.
The yak gores you!
* * * LOW HITPOINT WARNING * * *
The yak completely misses you.
It was a potion of degeneration.
There was something very wrong with that liquid.
You feel weakened.
You feel dopey.
You feel clumsy. The yak gores you.
You die...

≈≈≈≈.≈≈≈≈≈≈≈.....#.# #....#######
.....######......#.###.##........
###### #......#.......######## .#
#......######..######## .####
#......# #.......... ....##
#......# #.#########
#....######........##.# #.#
#......#########.###.# .......#
#.....# ######## ####### # #


You could see 2 yaks.

Vanquished Creatures
  4 yaks (D:4)
  An ice beast (D:5)
  3 ogres
  2 scorpions (D:5)
  2 orc priests (D:5)
  3 hounds (D:5)
  An iguana (D:5)
  An orc wizard (D:5)
  3 gnolls (D:5)
  An adder (D:4)
  A worm (D:4)
  4 dart slugs
  9 orcs
  6 endoplasms
  2 giant cockroaches
  4 goblins
  4 hobgoblins
  8 jackals
  4 kobolds
  5 quokkas
  7 ball pythons
  3 bats
  2 frilled lizards
  6 rats
86 creatures vanquished.

Notes
Turn   | Place    | Note
-------+----------+-------------------------------------------
     0 | D:1      | Descartes the Formicid Earth Elementalist began the quest
                  | for the Orb.
     0 | D:1      | Reached XP level 1. HP: 13/13 MP: 3/3
    68 | D:1      | Reached XP level 2. HP: 19/19 MP: 0/5
   232 | D:1      | Reached skill level 4 in Earth Magic
   552 | D:1      | Reached XP level 3. HP: 24/24 MP: 4/6
   699 | D:1      | Found a faded altar of an unknown god.
  1209 | D:2      | Found Exkujase's Antique Armour Shoppe.
  1250 | D:2      | Found Plog's Book Emporium.
  2132 | D:3      | Found a broken altar of Ashenzari.
  2290 | D:3      | Reached XP level 4. HP: 30/30 MP: 5/8
  2328 | D:3      | Found Luco's Armour Boutique.
  2398 | D:3      | You are sucked into a shaft and drop 1 floor!
  2499 | D:4      | Noticed an ogre
  2515 | D:4      | Killed an ogre
  2516 | D:4      | Reached skill level 5 in Earth Magic
  2516 | D:4      | Reached XP level 5. HP: 35/35 MP: 7/9
  2729 | D:4      | Identified the +3 leather armour of Parlour Games {Harm
                  | Dex-2 Stlth+}
  2758 | D:4      | Found a sparkling altar of Nemelex Xobeh.
  2931 | D:4      | Found a white marble altar of Elyvilon.
  2931 | D:4      | Found a hide-covered altar of Uskayaw.
  3200 | D:5      | Entered Level 5 of the Dungeon
  3200 | D:5      | Noticed an ice beast
  3208 | D:5      | Killed an ice beast
  3209 | D:5      | Reached skill level 6 in Earth Magic
  3209 | D:5      | Reached XP level 6. HP: 13/41 MP: 8/11
  3241 | D:5      | Noticed an ogre
  3401 | D:5      | Reached XP level 7. HP: 46/46 MP: 10/12
  3502 | D:5      | Reached skill level 7 in Earth Magic
  3600 | D:5      | Reached XP level 8. HP: 52/52 MP: 12/14
  3642 | D:5      | Reached skill level 8 in Earth Magic
  3708 | D:5      | Found Lysac's Assorted Antiques.
  3797 | D:5      | Noticed a yak
  3798 | D:5      | Noticed a yak
  3801 | D:5      | Noticed a yak
  3802 | D:5      | Noticed a yak
  3803 | D:5      | Noticed a yak
  3828 | D:4      | Killed a yak
  3967 | D:5      | Noticed a yak
  3971 | D:4      | Killed a yak
  3972 | D:4      | Reached skill level 5 in Spellcasting
  4040 | D:4      | Killed a yak
  4041 | D:4      | Reached skill level 9 in Earth Magic
  4043 | D:4      | Killed a yak
  4044 | D:4      | Reached skill level 5 in Dodging
  4215 | D:4      | HP: 1/52 [yak (10)]
  4216 | D:4      | Slain by a yak

Illustrated notes

Levels and vault maps discovered:
D:1:      lightli_arrival_isolated_outpost, layout_loops_ring,
          nicolae_ecumenical_snake_handling
D:2:      cheibrodos_helix_gallery, layout_basic, serial_shops,
          nicolae_shop_pleasant_corner_grove, shop, guppyfry_early_lair_pool
D:3:      layout_rooms, evilmike_ruin_ashenzari,
          mainiacjoe_overflow_six_doors_small, serial_shops, shop,
          minmay_misc_feat_room, chequers_serial_rivers_micro_d
D:4:      layout_basic, nemelex_spade_bored_becter,
          nicolae_overflow_two_pavilions
D:5:      layout_loops_ring, serial_shops, nicolae_shop_pleasant_corner_grove,
          st_stairs_4, hangedman_decor_slide_cut

Skill      XL: |  1  2  3  4  5  6  7  8 |
---------------+-------------------------+-----
Dodging        | 2 3 4 5 |  5.0
Earth Magic    | 4 5 6 7 9 |  9.5
Spellcasting   | 3 4 5 |  5.5
Stealth        | |  2.4
Transmutations | |  1.1

Action                     |  1- 3 |  4- 6 |  7- 9 || total
---------------------------+-------+-------+-------++-------
  Melee: Unarmed           |     1 |       |       ||     1
   Cast: Sandblast         |    59 |    52 |    66 ||   177
    Use: Potion            |       |       |     1 ||     1
 Armour: Robe              |     9 |     6 |     6 ||    21
  Dodge: Dodged            |    26 |    24 |    57 ||   107
